Workbook
Name CapFinanciera1: #REF!
Name CapFinanciera2: #REF!
Name CapFinanciera3: #REF!
Name CapFinanciera4: #REF!
Name CapTecnica1: #REF!
Name CapTecnica2: #REF!
Name Experiencia1: #REF!
Name Experiencia2: #REF!
Name Experiencia3: #REF!
Name prueba: #REF!

Sheet PRESUPUESTO 
A1: PRESUPUESTO OFICIAL TOTAL DEL PROYECTO $64.000.000,00
A2: POR EL RUBRO PRESUPUESTAL A02-01-01-001-003-15-10 "ALCANTARILLAS Y PLANTAS DE TRATAMIENTO DE AGUA" PRESUPUESTO $64.000.000,00
A3: ÍTEM | B3: ACTIVIDAD | C3: UND | D3: CANT | E3: =+F3 -> Vr. UNITARIO | F3: Vr. UNITARIO | G3: Vr. TOTAL
A4: 1 | B4: PRELIMINARES
A5: 1.1 | B5: LOCALIZACIÓN - TRAZADO Y REPLANTEO | C5: M2 | D5: 15 | E5: =+F5*0.75 -> 2941.395 | F5: 3921.86 | G5: =+E5*D5 -> 44120.925
A6: 1.2 | B6: EXCAVACIÓN MECANICA | C6: M3 | D6: 70 | E6: =+F6*0.75 -> 15262.5 | F6: 20350 | G6: =+E6*D6 -> 1068375
A7: 1.3 | B7: EXCAVACIÓN MANUAL (0.60M a 0.80M) X (1.00M a 2.00M) | C7: M3 | D7: 10 | E7: =+F7*0.75 -> 14437.5 | F7: 19250 | G7: =+E7*D7 -> 144375
A8: 1.4 | B8: DESMONTE TUBERÍA NOVAFORT DE Ø 8" A Ø 16" | C8: Ml | D8: 110 | E8: =+F8*0.75 -> 4125 | F8: 5500 | G8: =+E8*D8 -> 453750
B9: TOTAL PRELIINARES | F9: $ - | G9: =+G5+G6+G7+G8 -> 1710620.9
A10: 2 | B10: ESTRUCTURA | F10: $ -
A11: 2.1 | B11: MURO EN CONCRETO DE 4.000 PSI IMPERMEABILIZADO SEGÚN PLANOS. INCLUYE MANO DE OBRA, FORMALETAS, EQUIPO Y HERRAMIENTAS NECESARIAS, NO INCLUYE ACERO DE REFUERZO | C11: M3 | D11: 2.8 | E11: =+F11*0.75 -> 589903.47 | F11: 786537.96 | G11: =+E11*D11 -> 1651729.7
A12: 2.2 | B12: ACERO DE REFUERZO ESTRUCTURAL FY: 420 MPA GR 60 -NTC 2289 INCLUYE ALAMBRE NEGRO | C12: Kg | D12: 1010 | E12: =+F12*0.75 -> 2475 | F12: 3300 | G12: =+E12*D12 -> 2499750
A13: 2.3 | B13: PLACA DE CONTRAPISO EN CONCRETO DE 3.000 PSI IMPERMEABILIZADO, SEGÚN PLANOS. INCLUYE MANO DE OBRA, FORMALETAS, EQUIPOS Y HERRAMIENTAS NECESARIAS, E=0.12 M, NO INCLUYE ACERO DE REFUERZO | C13: M2 | D13: 20 | E13: =+F13*0.75 -> 247500 | F13: 330000 | G13: =+E13*D13 -> 4950000
A14: 2.4 | B14: VIGAS DE CIMENTACION EN CONCRETO DE 3.000 PSI IMPERMEABILIZADO SEGÚN PLANOS. INCLUYE MANO DE OBRA, FORMALETAS, EQUIPOS Y HERRAMIENTAS NECESARIAS, NO INCLUYE ACERO DE REFUERZO. | C14: M3 | D14: 3 | E14: =+F14*0.75 -> 371250 | F14: 495000 | G14: =+E14*D14 -> 1113750
B15: TOTAL ESTRUCTURA | E15: =+F15*0.75 -> #VALUE! | F15: $ - | G15: =+G14+G12+G11+G13 -> 10215230
A16: 3 | B16: CIMENTACIÓN | E16: =+F16*0.75 -> #VALUE! | F16: $ -
A17: 3.1 | B17: CONCRETO CICLÓPEO | C17: M3 | D17: 10 | E17: =+F17*0.75 -> 262625.06 | F17: 350166.75 | G17: =+E17*D17 -> 2626250.6
A18: 3.2 | B18: RELLENO EN RECEBO COMÚN COMPACTADO | C18: M3 | D18: 10.2 | E18: =+F18*0.75 -> 41250 | F18: 55000 | G18: =+E18*D18 -> 420750
A19: 3.3 | B19: CONCRETO CORRIENTE GRAVA COMÚN 3500 PSI | C19: M3 | D19: 6.5 | E19: =+F19*0.75 -> 165000 | F19: 220000 | G19: =+E19*D19 -> 1072500
A20: 3.4 | B20: SOLADO DE LIMPIEZA EN CONCRETO DE 2.000 PSI DE E=0.05 M SEGÚN PLANOS. INCLUYE MATERIALES, MANO DE OBRA, EQUIPOS Y HERRAMIENTAS NECESARIAS | C20: M2 | D20: 3.28 | E20: =+F20*0.75 -> 10312.5 | F20: 13750 | G20: =+E20*D20 -> 33825
B21: TOTAL CIMENTACIÓN | F21: $ - | G21: =+G17+G18+G19+G20 -> 4153325.6
A22: 4 | B22: INSTALACIONES HIDROSANITARIAS | F22: $ -
A23: 4.1 | B23: CAJA DE INSPECCIÓN 0,8 X 0,8 H = 1,5 - 2,0M INCLUYE TAPA EN CONCRETO | C23: UN | D23: 4 | E23: =+F23*0.75 -> 357698.56 | F23: 476931.41 | G23: =+E23*D23 -> 1430794.2
A24: 4.2 | B24: TUBERÍA NOVAFORT 8", INCLUYE ACCESORIOS PARA SU CORRECTA INSTALACIÓN | C24: Ml | D24: 110 | E24: =+F24*0.75 -> 41250 | F24: 55000 | G24: =+E24*D24 -> 4537500
A25: 4.3 | B25: CIMENTACIÓN Y ATRAQUE DE TUBERÍA | C25: M3 | D25: 8.5 | E25: =+F25*0.75 -> 82500 | F25: 110000 | G25: =+E25*D25 -> 701250
A26: 4.4 | B26: CONEXIÓN A RED DE ALCANTARILLADO EXISTENTE | C26: UN | D26: 1 | E26: =+F26*0.75 -> 144375 | F26: 192500 | G26: =+E26*D26 -> 144375
B27: TOTAL INSTALACIONES HIROSANITARIAS | G27: =+G23+G24+G25+G26 -> 6813919.2
A28: 5 | B28: ASEO Y RETIRO DE ESCOMBROS
A29: 5.1 | B29: RETIRO DE SOBRANTES FUERA DE LA UNIDAD | C29: M3 | D29: 11 | E29: =+F29*0.75 -> 38775 | F29: 51700 | G29: =+E29*D29 -> 426525
B30: TOTAL ASEO Y RETIRO DE ESCOMBROS | G30: =+G29 -> 426525
B31: VALOR TOTAL COSTOS DIRECTOS | G31: =+G30+G27+G21+G15+G9 -> 23319620
B32: ADMINISTRACIÓN | D32: 0.2075 | G32: =+G31*D32 -> 4838821.3
B33: IMPREVISTOS | D33: 0.01 | G33: =+G31*D33 -> 233196.2
B34: UTILIDAD | D34: 0.03 | G34: =+G31*D34 -> 699588.61
B35: IVA SOBRE LA UTILIDAD | C35: 19 | D35: 0.19 | G35: =+G34*0.19 -> 132921.84
B36: VALOR TOTAL DEL PROYECTO | G36: =+G31+G32+G33+G34+G35 -> 29224148

Sheet 1.1
B2: FORMULARIO
B3: PRESUPUESTO OFICIAL
K8: VERSIÓN | L8: 1
C10: ANALISIS DE PRECIOS UNITARIOS | K10: PÁGINA | L10: 1 | M10: DE | N10: 19
K13: FECHA | L13: DD | M13: MM | N13: AA
L14: 28 | M14: 10 | N14: 2024
B19: DATOS ESPECÍFICOS
B21: ÍTEM | C21: DESCRIPCIÓN | L21: UNIDAD | N21: CANTIDAD
B22: 1.1 | C22: =+'PRESUPUESTO '!B5 -> LOCALIZACIÓN - TRAZADO Y REPLANTEO | L22: M2 | N22: 1
B23: I. EQUIPO
B26: DESCRIPCIÓN | G26: MARCA | I26: TIPO | K26: TARIFA/HORA | L26: RENDIMIENTO | N26: Vr. UNITARIO
B27: HERRAMIENTA MENOR | G27: UNIVERSAL | I27: DECAMETRO | K27: 2395 | L27: 0.1 | N27: =K27*L27 -> 239.5
B30: SUBTOTAL $ | N30: =SUM(N27:N29) -> 239.5
B31: II. MATERIALES
B34: DESCRIPCIÓN | J34: UNIDAD | K34: CANTIDAD | L34: PRECIO UNIT. | N34: Vr. UNITARIO
B35: NYLON (400m) | J35: UNIDAD | K35: 0.0025 | L35: 199610 | N35: =L35*K35 -> 499.025
B36: PUNTILLAS | J36: KG | K36: 0.18 | L36: 7920 | N36: =L36*K36 -> 1425.6
B37: SUBTOTAL $ | N37: =SUM(N35:N36) -> 1924.625
B38: III. TRANSPORTES
B41: MATERIAL | I41: VOL. o PESO | J41: DISTANCIA | K41: M3 o Ton/Km | L41: TARIFA | N41: Vr. UNITARIO
B42: TRANSPORTE
B44: SUBTOTAL $ | N44: =SUM(N42:N43) -> 0
B45: IV. MANO DE OBRA
B48: TRABAJADOR | I48: JORNAL | J48: PRESTACIONES | K48: JORNAL TOTAL | L48: RENDIMIENTO | N48: Vr. UNITARIO
B49: COMISION TOPOGRAFICA | I49: DIA | K49: 384995 | L49: 0.002 | N49: =+K49*L49 -> 769.99
B53: SUBTOTAL $ | N53: =SUM(N49:N52) -> 769.99
B55: TOTAL COSTO DIRECTO $ | N55: 2941.395
E59: WORD SOLUTION SAS JOSE JORGE HERNANDEZ ALANDATE CC. 1065598466 NIT: 901697530-1 CC. 1065598466

Sheet 1.2
B2: FORMULARIO
B3: PRESUPUESTO OFICIAL
K8: VERSIÓN | L8: 1
C10: ANALISIS DE PRECIOS UNITARIOS | K10: PÁGINA | L10: 1 | M10: DE | N10: 19
K13: FECHA | L13: DD | M13: MM | N13: AA
L14: 28 | M14: 10 | N14: 2024
B19: DATOS ESPECÍFICOS
B21: ÍTEM | C21: DESCRIPCIÓN | L21: UNIDAD | N21: CANTIDAD
B22: 1.2 | C22: =+'PRESUPUESTO '!B6 -> EXCAVACIÓN MECANICA | L22: M2 | N22: 1
B23: I. EQUIPO
B26: DESCRIPCIÓN | G26: MARCA | I26: TIPO | K26: TARIFA/HORA | L26: RENDIMIENTO | N26: Vr. UNITARIO
B27: HERRAMIENTA MENOR | G27: UNIVERSAL | K27: 15000 | L27: 0.2 | N27: =K27*L27 -> 3000
B28: Retroexcavadora 210 . Incluye operario | K28: 223540 | L28: 0.02 | N28: =K28*L28 -> 4470.8
B30: SUBTOTAL $ | N30: =SUM(N27:N29) -> 7470.8
B31: II. MATERIALES
B34: DESCRIPCIÓN | J34: UNIDAD | K34: CANTIDAD | L34: PRECIO UNIT. | N34: Vr. UNITARIO
B37: SUBTOTAL $ | N37: =SUM(N35:N35) -> 0
B38: III. TRANSPORTES
B41: MATERIAL | I41: VOL. o PESO | J41: DISTANCIA | K41: M3 o Ton/Km | L41: TARIFA | N41: Vr. UNITARIO
B42: TRANSPORTE | K42: 1 | L42: 3015 | N42: =L42*K42 -> 3015
B44: SUBTOTAL $ | N44: =SUM(N42:N43) -> 3015
B45: IV. MANO DE OBRA
B48: TRABAJADOR | I48: JORNAL | J48: PRESTACIONES | K48: JORNAL TOTAL | L48: RENDIMIENTO | N48: Vr. UNITARIO
B49: OPERARIO 1 | I49: DIA | K49: 50000 | L49: 0.255 | N49: 4750
B53: SUBTOTAL $ | N53: =SUM(N49:N52) -> 4750
B55: TOTAL COSTO DIRECTO $ | N55: 15262.5
F58: WORD SOLUTION SAS JOSE JORGE HERNANDEZ ALANDATE CC. 1065598466 NIT: 901697530-1 CC. 1065598466

Sheet 1.3
B2: FORMULARIO
B3: PRESUPUESTO OFICIAL
K8: VERSIÓN | L8: 1
C10: ANALISIS DE PRECIOS UNITARIOS | K10: PÁGINA | L10: 1 | M10: DE | N10: 19
K13: FECHA | L13: DD | M13: MM | N13: AA
L14: 28 | M14: 10 | N14: 2024
B19: DATOS ESPECÍFICOS
B21: ÍTEM | C21: DESCRIPCIÓN | L21: UNIDAD | N21: CANTIDAD
B22: 1.3 | C22: =+'PRESUPUESTO '!B7 -> EXCAVACIÓN MANUAL (0.60M a 0.80M) X (1.00M a 2.00M) | L22: M2 | N22: 1
B23: I. EQUIPO
B26: DESCRIPCIÓN | G26: MARCA | I26: TIPO | K26: TARIFA/HORA | L26: RENDIMIENTO | N26: Vr. UNITARIO
B27: HERRAMIENTA MENOR | G27: UNIVERSAL | I27: MONA | K27: 20000 | L27: 0.1 | N27: =K27*L27 -> 2000
B30: SUBTOTAL $ | N30: =SUM(N27:N29) -> 2000
B31: II. MATERIALES
B34: DESCRIPCIÓN | J34: UNIDAD | K34: CANTIDAD | L34: PRECIO UNIT. | N34: Vr. UNITARIO
B35: =+C22 -> EXCAVACIÓN MANUAL (0.60M a 0.80M) X (1.00M a 2.00M) | J35: M2 | K35: 1 | L35: 8500 | N35: =L35*K35 -> 8500
B37: SUBTOTAL $ | N37: =SUM(N35:N35) -> 8500
B38: III. TRANSPORTES
B41: MATERIAL | I41: VOL. o PESO | J41: DISTANCIA | K41: M3 o Ton/Km | L41: TARIFA | N41: Vr. UNITARIO
B42: TRANSPORTE | K42: 0.01 | L42: 200150 | N42: =L42*K42 -> 2001.5
B44: SUBTOTAL $ | N44: =SUM(N42:N43) -> 2001.5
B45: IV. MANO DE OBRA
B48: TRABAJADOR | I48: JORNAL | J48: PRESTACIONES | K48: JORNAL TOTAL | L48: RENDIMIENTO | N48: Vr. UNITARIO
B49: OPERARIO 1 | I49: DIA | K49: 50000 | L49: 0.03 | N49: 1625
B53: SUBTOTAL $ | N53: =SUM(N49:N52) -> 1625
B55: TOTAL COSTO DIRECTO $ | N55: 14437.5
F59: WORD SOLUTION SAS JOSE JORGE HERNANDEZ ALANDATE CC. 1065598466 NIT: 901697530-1 CC. 1065598466

Sheet 1.4
B2: FORMULARIO
B3: PRESUPUESTO OFICIAL
K8: VERSIÓN | L8: 1
C10: ANALISIS DE PRECIOS UNITARIOS | K10: PÁGINA | L10: 1 | M10: DE | N10: 19
K13: FECHA | L13: DD | M13: MM | N13: AA
L14: 28 | M14: 10 | N14: 2024
B19: DATOS ESPECÍFICOS
B21: ÍTEM | C21: DESCRIPCIÓN | L21: UNIDAD | N21: CANTIDAD
B22: 1.4 | C22: =+'PRESUPUESTO '!B8 -> DESMONTE TUBERÍA NOVAFORT DE Ø 8" A Ø 16" | L22: M2 | N22: 1
B23: I. EQUIPO
B26: DESCRIPCIÓN | G26: MARCA | I26: TIPO | K26: TARIFA/HORA | L26: RENDIMIENTO | N26: Vr. UNITARIO
B27: HERRAMIENTA MENOR | G27: UNIVERSAL | K27: 38050 | L27: 0.1 | N27: =K27*L27 -> 3805
B30: SUBTOTAL $ | N30: =SUM(N27:N29) -> 3805
B31: II. MATERIALES
B34: DESCRIPCIÓN | J34: UNIDAD | K34: CANTIDAD | L34: PRECIO UNIT. | N34: Vr. UNITARIO
B37: SUBTOTAL $ | N37: =SUM(N35:N35) -> 0
B38: III. TRANSPORTES
B41: MATERIAL | I41: VOL. o PESO | J41: DISTANCIA | K41: M3 o Ton/Km | L41: TARIFA | N41: Vr. UNITARIO
B42: TRANSPORTE
B44: SUBTOTAL $ | N44: =SUM(N42:N43) -> 0
B45: IV. MANO DE OBRA
B48: TRABAJADOR | I48: JORNAL | J48: PRESTACIONES | K48: JORNAL TOTAL | L48: RENDIMIENTO | N48: Vr. UNITARIO
B49: AYUDANTES 4 | I49: DIA | K49: 160000 | L49: 0.002 | N49: =+L49*K49 -> 320
B53: SUBTOTAL $ | N53: =SUM(N49:N52) -> 320
B55: TOTAL COSTO DIRECTO $ | N55: =+N53+N30 -> 4125
E58: WORD SOLUTION SAS JOSE JORGE HERNANDEZ ALANDATE CC. 1065598466 NIT: 901697530-1 CC. 1065598466

Sheet 2.1
B2: FORMULARIO
B3: PRESUPUESTO OFICIAL
K8: VERSIÓN | L8: 1
C10: ANALISIS DE PRECIOS UNITARIOS | K10: PÁGINA | L10: 1 | M10: DE | N10: 19
K13: FECHA | L13: DD | M13: MM | N13: AA
L14: 28 | M14: 10 | N14: 2024
B19: DATOS ESPECÍFICOS
B21: ÍTEM | C21: DESCRIPCIÓN | L21: UNIDAD | N21: CANTIDAD
B22: 2.1 | C22: =+'PRESUPUESTO '!B11 -> MURO EN CONCRETO DE 4.000 PSI IMPERMEABILIZADO SEGÚN PLANOS. INCLUYE MANO DE OBRA, FORMALETAS, EQUIPO Y HERRAMIENTAS NECESARIAS, NO INCLUYE ACERO DE REFUERZO | L22: M2 | N22: 1
B23: I. EQUIPO
B26: DESCRIPCIÓN | G26: MARCA | I26: TIPO | K26: TARIFA/HORA | L26: RENDIMIENTO | N26: Vr. UNITARIO
B27: HERRAMIENTA MENOR | G27: UNIVERSAL | K27: 70815 | L27: 0.05 | N27: =K27*L27 -> 3540.75
B28: Formaleta metálica para muros y columnas | K28: 1500 | L28: 0.03 | N28: =K28*L28 -> 45
B29: Alquiler de pluma grua eléctrica con balde | K29: 39900 | L29: 0.05 | N29: =+L29*K29 -> 1995
B30: Vibrador de concreto (eléctrico) | K30: 36900 | L30: 0.03 | N30: =K30*L30 -> 1107
B32: SUBTOTAL $ | N32: =SUM(N27:N31) -> 6687.75
B33: II. MATERIALES
B36: DESCRIPCIÓN | J36: UNIDAD | K36: CANTIDAD | L36: PRECIO UNIT. | N36: Vr. UNITARIO
B37: MURO EN CONCRETO 4000 PSI | J37: M3 | K37: 0.51 | L37: 650500 | N37: =L37*K37 -> 331755
B38: ANTISOL | K38: 4 | L38: 9380 | N38: =L38*K38 -> 37520
B39: SIKA SEPAROL N | K39: 0.12 | L39: 29200 | N39: =L39*K39 -> 3504
B40: SUBTOTAL $ | N40: =SUM(N37:N39) -> 372779
B41: III. TRANSPORTES
B44: MATERIAL | I44: VOL. o PESO | J44: DISTANCIA | K44: M3 o Ton/Km | L44: TARIFA | N44: Vr. UNITARIO
B45: TRANSPORTE
B47: SUBTOTAL $ | N47: =SUM(N45:N46) -> 0
B48: IV. MANO DE OBRA
B51: TRABAJADOR | I51: JORNAL | J51: PRESTACIONES | K51: JORNAL TOTAL | L51: RENDIMIENTO | N51: Vr. UNITARIO
B52: OFICIAL | I52: DIA | K52: 50000 | L52: 1 | N52: 50000
B53: AYUDANTES | I53: DIA | K53: 160000 | L53: 1 | N53: 160000
B56: SUBTOTAL $ | N56: =SUM(N52:N55) -> 210000
B58: TOTAL COSTO DIRECTO $ | N58: 589903.47
F61: WORD SOLUTION SAS JOSE JORGE HERNANDEZ ALANDATE CC. 1065598466 NIT: 901697530-1 CC. 1065598466

Sheet 2.2
B2: FORMULARIO
B3: PRESUPUESTO OFICIAL
K8: VERSIÓN | L8: 1
C10: ANALISIS DE PRECIOS UNITARIOS | K10: PÁGINA | L10: 1 | M10: DE | N10: 19
K13: FECHA | L13: DD | M13: MM | N13: AA
L14: 28 | M14: 10 | N14: 2024
B19: DATOS ESPECÍFICOS
B21: ÍTEM | C21: DESCRIPCIÓN | L21: UNIDAD | N21: CANTIDAD
B22: 2.2 | C22: =+'PRESUPUESTO '!B12 -> ACERO DE REFUERZO ESTRUCTURAL FY: 420 MPA GR 60 -NTC 2289 INCLUYE ALAMBRE NEGRO | L22: M2 | N22: 1
B23: I. EQUIPO
B26: DESCRIPCIÓN | G26: MARCA | I26: TIPO | K26: TARIFA/HORA | L26: RENDIMIENTO | N26: Vr. UNITARIO
B27: HERRAMIENTA MENOR | G27: UNIVERSAL | I27: MARTILLO, PINZA | K27: 1880 | L27: 0.1 | N27: =K27*L27 -> 188
B30: SUBTOTAL $ | N30: =SUM(N27:N29) -> 188
B31: II. MATERIALES
B34: DESCRIPCIÓN | J34: UNIDAD | K34: CANTIDAD | L34: PRECIO UNIT. | N34: Vr. UNITARIO
B35: ACERO DE REFUERZO | J35: UND | K35: 0.36 | L35: 5750 | N35: =L35*K35 -> 2070
B36: Alambre negro No. 17 | K36: 0.05 | L36: 1000 | N36: =L36*K36 -> 50
B37: SUBTOTAL $ | N37: =SUM(N35:N36) -> 2120
B38: III. TRANSPORTES
B41: MATERIAL | I41: VOL. o PESO | J41: DISTANCIA | K41: M3 o Ton/Km | L41: TARIFA | N41: Vr. UNITARIO
B42: TRANSPORTE | K42: 0.3
B44: SUBTOTAL $ | N44: =SUM(N42:N43) -> 0
B45: IV. MANO DE OBRA
B48: TRABAJADOR | I48: JORNAL | J48: PRESTACIONES | K48: JORNAL TOTAL | L48: RENDIMIENTO | N48: Vr. UNITARIO
B49: CUADRILLA | I49: DIA | K49: 80000 | L49: 0.002 | N49: =K49*L49 -> 160
B53: SUBTOTAL $ | N53: =SUM(N49:N52) -> 160
B55: TOTAL COSTO DIRECTO $ | N55: 2475
F58: WORD SOLUTION SAS JOSE JORGE HERNANDEZ ALANDATE CC. 1065598466 NIT: 901697530-1 CC. 1065598466

Sheet 2.3
B2: FORMULARIO
B3: PRESUPUESTO OFICIAL
K8: VERSIÓN | L8: 1
C10: ANALISIS DE PRECIOS UNITARIOS | K10: PÁGINA | L10: 1 | M10: DE | N10: 19
K13: FECHA | L13: DD | M13: MM | N13: AA
L14: 28 | M14: 10 | N14: 2024
B19: DATOS ESPECÍFICOS
B21: ÍTEM | C21: DESCRIPCIÓN | L21: UNIDAD | N21: CANTIDAD
B22: 2.3 | C22: =+'PRESUPUESTO '!B13 -> PLACA DE CONTRAPISO EN CONCRETO DE 3.000 PSI IMPERMEABILIZADO, SEGÚN PLANOS. INCLUYE MANO DE OBRA, FORMALETAS, EQUIPOS Y HERRAMIENTAS NECESARIAS, E=0.12 M, NO INCLUYE ACERO DE REFUERZO | L22: M2 | N22: 1
B23: I. EQUIPO
B26: DESCRIPCIÓN | G26: MARCA | I26: TIPO | K26: TARIFA/HORA | L26: RENDIMIENTO | N26: Vr. UNITARIO
B27: HERRAMIENTA MENOR | G27: UNIVERSAL | K27: 34000 | L27: 0.1 | N27: =K27*L27 -> 3400
B28: FORMALETA EN MADERA | K28: 5400 | L28: 0.03 | N28: =K28*L28 -> 162
B29: VIBRADOR DE CONCRETO | K29: 39500 | L29: 0.03 | N29: =K29*L29 -> 1185
B30: SUBTOTAL $ | N30: =SUM(N27:N29) -> 4747
B31: II. MATERIALES
B34: DESCRIPCIÓN | J34: UNIDAD | K34: CANTIDAD | L34: PRECIO UNIT. | N34: Vr. UNITARIO
B35: PLACA DE CONTRAPISO | J35: M3 | K35: 0.7 | L35: 217000 | N35: =L35*K35 -> 151900
B37: SUBTOTAL $ | N37: =SUM(N35:N36) -> 151900
B38: III. TRANSPORTES
B41: MATERIAL | I41: VOL. o PESO | J41: DISTANCIA | K41: M3 o Ton/Km | L41: TARIFA | N41: Vr. UNITARIO
B42: TRANSPORTE
B44: SUBTOTAL $ | N44: =SUM(N42:N43) -> 0
B45: IV. MANO DE OBRA
B48: TRABAJADOR | I48: JORNAL | J48: PRESTACIONES | K48: JORNAL TOTAL | L48: RENDIMIENTO | N48: Vr. UNITARIO
B49: OFICIAL | I49: DIA | K49: 50000 | L49: 1 | N49: 50750 | R49: |
B50: AYUDANTES | I50: DIA | K50: 40000 | L50: 1 | N50: 40000
B53: SUBTOTAL $ | N53: =SUM(N49:N52) -> 90750
B55: TOTAL COSTO DIRECTO $ | N55: 247500
G59: Firma
G60: Nombre:
G61: Representante Legal del Contratista o su Apoderado
G62: Matricula No. :

Sheet 2.4
B2: FORMULARIO
B3: PRESUPUESTO OFICIAL
K8: VERSIÓN | L8: 1
C10: ANALISIS DE PRECIOS UNITARIOS | K10: PÁGINA | L10: 1 | M10: DE | N10: 19
K13: FECHA | L13: DD | M13: MM | N13: AA
L14: 28 | M14: 10 | N14: 2024
B19: DATOS ESPECÍFICOS
B21: ÍTEM | C21: DESCRIPCIÓN | L21: UNIDAD | N21: CANTIDAD
B22: 2.4 | C22: =+'PRESUPUESTO '!B14 -> VIGAS DE CIMENTACION EN CONCRETO DE 3.000 PSI IMPERMEABILIZADO SEGÚN PLANOS. INCLUYE MANO DE OBRA, FORMALETAS, EQUIPOS Y HERRAMIENTAS NECESARIAS, NO INCLUYE ACERO DE REFUERZO. | L22: UND | N22: 1
B23: I. EQUIPO
B26: DESCRIPCIÓN | G26: MARCA | I26: TIPO | K26: TARIFA/HORA | L26: RENDIMIENTO | N26: Vr. UNITARIO
B27: HERRAMIENTA MENOR | G27: UNIVERSAL | K27: 587000 | L27: 0.1 | N27: =K27*L27 -> 58700
B28: VIBRADOR DE CONCRETO | K28: 39900 | L28: 0.01 | N28: =K28*L28 -> 399
B30: SUBTOTAL $ | N30: =SUM(N27:N29) -> 59099
B31: II. MATERIALES
B34: DESCRIPCIÓN | J34: UNIDAD | K34: CANTIDAD | L34: PRECIO UNIT. | N34: Vr. UNITARIO
B35: VIGAS DE CIMENTACION | J35: UND | K35: 1 | L35: 301205 | N35: =L35*K35 -> 301205
B37: SUBTOTAL $ | N37: =SUM(N35:N36) -> 301205
B38: III. TRANSPORTES
B41: MATERIAL | I41: VOL. o PESO | J41: DISTANCIA | K41: M3 o Ton/Km | L41: TARIFA | N41: Vr. UNITARIO
B42: TRANSPORTE
B44: SUBTOTAL $ | N44: =SUM(N42:N43) -> 0
B45: IV. MANO DE OBRA
B48: TRABAJADOR | I48: JORNAL | J48: PRESTACIONES | K48: JORNAL TOTAL | L48: RENDIMIENTO | N48: Vr. UNITARIO
B49: OPERARIO 1 | I49: DIA | K49: 540000 | L49: 0.02 | N49: =+L49*K49 -> 10800
B53: SUBTOTAL $ | N53: =SUM(N49:N52) -> 10800
B55: TOTAL COSTO DIRECTO $ | N55: 371250
E58: WORD SOLUTION SAS JOSE JORGE HERNANDEZ ALANDATE CC. 1065598466 NIT: 901697530-1 CC. 1065598466

Sheet 3.1
B2: FORMULARIO
B3: PRESUPUESTO OFICIAL
K8: VERSIÓN | L8: 1
C10: ANALISIS DE PRECIOS UNITARIOS | K10: PÁGINA | L10: 1 | M10: DE | N10: 19
K13: FECHA | L13: DD | M13: MM | N13: AA
L14: 28 | M14: 10 | N14: 2024
B19: DATOS ESPECÍFICOS
B21: ÍTEM | C21: DESCRIPCIÓN | L21: UNIDAD | N21: CANTIDAD
B22: 3.1 | C22: =+'PRESUPUESTO '!B17 -> CONCRETO CICLÓPEO | L22: UND | N22: 1
B23: I. EQUIPO
B26: DESCRIPCIÓN | G26: MARCA | I26: TIPO | K26: TARIFA/HORA | L26: RENDIMIENTO | N26: Vr. UNITARIO
B27: HERRAMIENTA MENOR | G27: UNIVERSAL | K27: 584000 | L27: 0.1 | N27: =K27*L27 -> 58400
B28: VIBRADOR DE CONCRETO | K28: 38900 | L28: 0.02 | N28: =K28*L28 -> 778
B30: SUBTOTAL $ | N30: =SUM(N27:N29) -> 59178
B31: II. MATERIALES
B34: DESCRIPCIÓN | J34: UNIDAD | K34: CANTIDAD | L34: PRECIO UNIT. | N34: Vr. UNITARIO
B35: =+C22 -> CONCRETO CICLÓPEO | J35: M3 | K35: 0.5 | L35: 285500 | N35: =L35*K35 -> 142750
B37: SUBTOTAL $ | N37: =SUM(N35:N36) -> 142750
B38: III. TRANSPORTES
B41: MATERIAL | I41: VOL. o PESO | J41: DISTANCIA | K41: M3 o Ton/Km | L41: TARIFA | N41: Vr. UNITARIO
B42: TRANSPORTE
B44: SUBTOTAL $ | N44: =SUM(N42:N43) -> 0
B45: IV. MANO DE OBRA
B48: TRABAJADOR | I48: JORNAL | J48: PRESTACIONES | K48: JORNAL TOTAL | L48: RENDIMIENTO | N48: Vr. UNITARIO
B49: OPERARIO 1 | I49: DIA | K49: 100000 | L49: 0.6 | N49: 60240
B53: SUBTOTAL $ | N53: =SUM(N49:N52) -> 60240
B55: TOTAL COSTO DIRECTO $ | N55: 262625.06
F58: WORD SOLUTION SAS JOSE JORGE HERNANDEZ ALANDATE CC. 1065598466 NIT: 901697530-1 CC. 1065598466

Sheet 3.2
B2: FORMULARIO
B3: PRESUPUESTO OFICIAL
K8: VERSIÓN | L8: 1
C10: ANALISIS DE PRECIOS UNITARIOS | K10: PÁGINA | L10: 1 | M10: DE | N10: 19
K13: FECHA | L13: DD | M13: MM | N13: AA
L14: 28 | M14: 10 | N14: 2024
B19: DATOS ESPECÍFICOS
B21: ÍTEM | C21: DESCRIPCIÓN | L21: UNIDAD | N21: CANTIDAD
B22: 3.2 | C22: =+'PRESUPUESTO '!B18 -> RELLENO EN RECEBO COMÚN COMPACTADO | L22: UND | N22: 1
B23: I. EQUIPO
B26: DESCRIPCIÓN | G26: MARCA | I26: TIPO | K26: TARIFA/HORA | L26: RENDIMIENTO | N26: Vr. UNITARIO
B27: HERRAMIENTA MENOR | G27: UNIVERSAL | K27: 10500 | L27: 0.1 | N27: =K27*L27 -> 1050
B28: COMPACTADOR (RANA ) | K28: 52000 | L28: 0.08 | N28: =K28*L28 -> 4160
B30: SUBTOTAL $ | N30: =SUM(N27:N29) -> 5210
B31: II. MATERIALES
B34: DESCRIPCIÓN | J34: UNIDAD | K34: CANTIDAD | L34: PRECIO UNIT. | N34: Vr. UNITARIO
B35: =+C22 -> RELLENO EN RECEBO COMÚN COMPACTADO | J35: M3 | K35: 0.2 | L35: 100000 | N35: =L35*K35 -> 20000
B36: SUBTOTAL $ | N36: =SUM(N35:N35) -> 20000
B37: III. TRANSPORTES
B40: MATERIAL | I40: VOL. o PESO | J40: DISTANCIA | K40: M3 o Ton/Km | L40: TARIFA | N40: Vr. UNITARIO
B43: SUBTOTAL $ | N43: =SUM(N41:N42) -> 0
B44: IV. MANO DE OBRA
B47: TRABAJADOR | I47: JORNAL | J47: PRESTACIONES | K47: JORNAL TOTAL | L47: RENDIMIENTO | N47: Vr. UNITARIO
B48: OPERARIO 1 | I48: DIA | K48: 50000 | L48: 0.32 | N48: =K48*L48 -> 16000
B52: SUBTOTAL $ | N52: =SUM(N48:N51) -> 16000
B54: TOTAL COSTO DIRECTO $ | N54: 41250
F57: WORD SOLUTION SAS JOSE JORGE HERNANDEZ ALANDATE CC. 1065598466 NIT: 901697530-1 CC. 1065598466

Sheet 3.3
B2: FORMULARIO
B3: PRESUPUESTO OFICIAL
K8: VERSIÓN | L8: 1
C10: ANALISIS DE PRECIOS UNITARIOS | K10: PÁGINA | L10: 1 | M10: DE | N10: 19
K13: FECHA | L13: DD | M13: MM | N13: AA
L14: 28 | M14: 10 | N14: 2024
B19: DATOS ESPECÍFICOS
B21: ÍTEM | C21: DESCRIPCIÓN | L21: UNIDAD | N21: CANTIDAD
B22: 3.3 | C22: =+'PRESUPUESTO '!B19 -> CONCRETO CORRIENTE GRAVA COMÚN 3500 PSI | L22: UND | N22: 1
B23: I. EQUIPO
B26: DESCRIPCIÓN | G26: MARCA | I26: TIPO | K26: TARIFA/HORA | L26: RENDIMIENTO | N26: Vr. UNITARIO
B27: HERRAMIENTA MENOR | G27: UNIVERSAL | K27: 587000 | L27: 0.1 | N27: =K27*L27 -> 58700
B28: VIBRADOR DE CONCRETO | K28: 39900 | L28: 0.01 | N28: =K28*L28 -> 399
B30: SUBTOTAL $ | N30: =SUM(N27:N29) -> 59099
B31: II. MATERIALES
B34: DESCRIPCIÓN | J34: UNIDAD | K34: CANTIDAD | L34: PRECIO UNIT. | N34: Vr. UNITARIO
B35: CONCRETO 21 MPA | J35: M3 | K35: 0.32 | L35: 295205 | N35: =L35*K35 -> 94465.6
B37: SUBTOTAL $ | N37: =SUM(N35:N36) -> 94465.6
B38: III. TRANSPORTES
B41: MATERIAL | I41: VOL. o PESO | J41: DISTANCIA | K41: M3 o Ton/Km | L41: TARIFA | N41: Vr. UNITARIO
B42: TRANSPORTE
B44: SUBTOTAL $ | N44: =SUM(N42:N43) -> 0
B45: IV. MANO DE OBRA
B48: TRABAJADOR | I48: JORNAL | J48: PRESTACIONES | K48: JORNAL TOTAL | L48: RENDIMIENTO | N48: Vr. UNITARIO
B49: OPERARIO 1 | I49: DIA | K49: 540000 | L49: 0.021176667 | N49: =+L49*K49 -> 11435.4
B53: SUBTOTAL $ | N53: =SUM(N49:N52) -> 11435.4
B55: TOTAL COSTO DIRECTO $ | N55: =+N53+N37+N30 -> 165000 | O55: =+'PRESUPUESTO '!E19 -> 165000
E58: WORD SOLUTION SAS JOSE JORGE HERNANDEZ ALANDATE CC. 1065598466 NIT: 901697530-1 CC. 1065598466

Sheet 3.4
B2: FORMULARIO
B3: PRESUPUESTO OFICIAL
K8: VERSIÓN | L8: 1
C10: ANALISIS DE PRECIOS UNITARIOS | K10: PÁGINA | L10: 1 | M10: DE | N10: 19
K13: FECHA | L13: DD | M13: MM | N13: AA
L14: 28 | M14: 10 | N14: 2024
B19: DATOS ESPECÍFICOS
B21: ÍTEM | C21: DESCRIPCIÓN | L21: UNIDAD | N21: CANTIDAD
B22: 3.4 | C22: =+'PRESUPUESTO '!B20 -> SOLADO DE LIMPIEZA EN CONCRETO DE 2.000 PSI DE E=0.05 M SEGÚN PLANOS. INCLUYE MATERIALES, MANO DE OBRA, EQUIPOS Y HERRAMIENTAS NECESARIAS | L22: UND | N22: 1
B23: I. EQUIPO
B26: DESCRIPCIÓN | G26: MARCA | I26: TIPO | K26: TARIFA/HORA | L26: RENDIMIENTO | N26: Vr. UNITARIO
B27: HERRAMIENTA MENOR | G27: UNIVERSAL | K27: 8000 | L27: 0.02 | N27: =K27*L27 -> 160
B30: SUBTOTAL $ | N30: =SUM(N27:N29) -> 160
B31: II. MATERIALES
B34: DESCRIPCIÓN | J34: UNIDAD | K34: CANTIDAD | L34: PRECIO UNIT. | N34: Vr. UNITARIO
B35: SOLADO DE LIMPIEZA | J35: UND | K35: 1 | L35: 8600 | N35: =L35*K35 -> 8600
B36: SUBTOTAL $ | N36: =SUM(N35:N35) -> 8600
B37: III. TRANSPORTES
B40: MATERIAL | I40: VOL. o PESO | J40: DISTANCIA | K40: M3 o Ton/Km | L40: TARIFA | N40: Vr. UNITARIO
B41: TRANSPORTE
B43: SUBTOTAL $ | N43: =SUM(N41:N42) -> 0
B44: IV. MANO DE OBRA
B47: TRABAJADOR | I47: JORNAL | J47: PRESTACIONES | K47: JORNAL TOTAL | L47: RENDIMIENTO | N47: Vr. UNITARIO
B48: AYUDANTES | K48: 40000 | L48: 0.0388125 | N48: =+L48*K48 -> 1552.5
B51: SUBTOTAL $ | N51: =SUM(N48:N50) -> 1552.5
B53: TOTAL COSTO DIRECTO $ | N53: =+N51+N43+N36+N30 -> 10312.5
F56: WORD SOLUTION SAS JOSE JORGE HERNANDEZ ALANDATE CC. 1065598466 NIT: 901697530-1 CC. 1065598466

Sheet 4.1
B2: FORMULARIO
B3: PRESUPUESTO OFICIAL
K8: VERSIÓN | L8: 1
C10: ANALISIS DE PRECIOS UNITARIOS | K10: PÁGINA | L10: 1 | M10: DE | N10: 19
K13: FECHA | L13: DD | M13: MM | N13: AA
L14: 28 | M14: 10 | N14: 2024
B19: DATOS ESPECÍFICOS
B21: ÍTEM | C21: DESCRIPCIÓN | L21: UNIDAD | N21: CANTIDAD
B22: 4.1 | C22: =+'PRESUPUESTO '!B23 -> CAJA DE INSPECCIÓN 0,8 X 0,8 H = 1,5 - 2,0M INCLUYE TAPA EN CONCRETO | L22: ='[1]Table 1'!D18 -> UN | N22: 1
B23: I. EQUIPO
B26: DESCRIPCIÓN | G26: MARCA | I26: TIPO | K26: TARIFA/HORA | L26: RENDIMIENTO | N26: Vr. UNITARIO
B27: HERRAMIENTA MENOR | G27: UNIVERSAL | K27: 79000 | L27: 0.05 | N27: =K27*L27 -> 3950
B30: SUBTOTAL $ | N30: =SUM(N27:N29) -> 3950
B31: II. MATERIALES
B34: DESCRIPCIÓN | J34: UNIDAD | K34: CANTIDAD | L34: PRECIO UNIT. | N34: Vr. UNITARIO
B35: CEMENTO | J35: KG | K35: 94.38 | L35: 650 | N35: =L35*K35 -> 61347
B36: LADRILLO CORRIENTE | J36: UND | K36: 133 | L36: 950 | N36: =L36*K36 -> 126350
B37: GRAVA FINA | J37: M3 | K37: 0.09 | L37: 82500 | N37: =L37*K37 -> 7425
B38: ARENA | J38: M3 | K38: 0.24 | L38: 51800 | N38: =L38*K38 -> 12432
B39: REJILLA | J39: UND | K39: 1 | L39: 110000 | N39: =L39*K39 -> 110000
B40: SUBTOTAL $ | N40: =SUM(N35:N39) -> 317554
B41: III. TRANSPORTES
B44: MATERIAL | I44: VOL. o PESO | J44: DISTANCIA | K44: M3 o Ton/Km | L44: TARIFA | N44: Vr. UNITARIO
B45: TRANSPORTE | K45: 0.03
B47: SUBTOTAL $ | N47: =SUM(N45:N46) -> 0
B48: IV. MANO DE OBRA
B51: TRABAJADOR | I51: JORNAL | J51: PRESTACIONES | K51: JORNAL TOTAL | L51: RENDIMIENTO | N51: Vr. UNITARIO
B52: CUADRILLA | I52: DIA | K52: 160000 | L52: 0.226216 | N52: =+L52*K52 -> 36194.56
B56: SUBTOTAL $ | N56: =SUM(N52:N55) -> 36194.56
B58: TOTAL COSTO DIRECTO $ | N58: =+N56+N40+N30 -> 357698.56
E60: WORD SOLUTION SAS JOSE JORGE HERNANDEZ ALANDATE CC. 1065598466 NIT: 901697530-1 CC. 1065598466

Sheet 4.2
B2: FORMULARIO
B3: PRESUPUESTO OFICIAL
K8: VERSIÓN | L8: 1
C10: ANALISIS DE PRECIOS UNITARIOS | K10: PÁGINA | L10: 1 | M10: DE | N10: 19
K13: FECHA | L13: DD | M13: MM | N13: AA
L14: 28 | M14: 10 | N14: 2024
B19: DATOS ESPECÍFICOS
B21: ÍTEM | C21: DESCRIPCIÓN | L21: UNIDAD | N21: CANTIDAD
B22: 4.2 | C22: =+'PRESUPUESTO '!B24 -> TUBERÍA NOVAFORT 8", INCLUYE ACCESORIOS PARA SU CORRECTA INSTALACIÓN | L22: UND | N22: 1
B23: I. EQUIPO
B26: DESCRIPCIÓN | G26: MARCA | I26: TIPO | K26: TARIFA/HORA | L26: RENDIMIENTO | N26: Vr. UNITARIO
B27: HERRAMIENTA MENOR | G27: UNIVERSAL | K27: 20000 | L27: 0.7 | N27: =K27*L27 -> 14000
B30: SUBTOTAL $ | N30: =SUM(N27:N29) -> 14000
B31: II. MATERIALES
B34: DESCRIPCIÓN | J34: UNIDAD | K34: CANTIDAD | L34: PRECIO UNIT. | N34: Vr. UNITARIO
B35: TUBERIA | J35: ML | K35: 0.21 | L35: 110500 | N35: =L35*K35 -> 23205
B36: SUBTOTAL $ | N36: =SUM(N35:N35) -> 23205
B37: III. TRANSPORTES
B40: MATERIAL | I40: VOL. o PESO | J40: DISTANCIA | K40: M3 o Ton/Km | L40: TARIFA | N40: Vr. UNITARIO
B41: TRANSPORTE | K41: 0.06
B43: SUBTOTAL $ | N43: =SUM(N41:N42) -> 0
B44: IV. MANO DE OBRA
B47: TRABAJADOR | I47: JORNAL | J47: PRESTACIONES | K47: JORNAL TOTAL | L47: RENDIMIENTO | N47: Vr. UNITARIO
B48: CUADRILLA | I48: DIA | K48: 160000 | L48: 0.02528125 | N48: =+L48*K48 -> 4045
B52: SUBTOTAL $ | N52: =SUM(N48:N51) -> 4045
B54: TOTAL COSTO DIRECTO $ | N54: =+N52+N36+N30 -> 41250
E57: WORD SOLUTION SAS JOSE JORGE HERNANDEZ ALANDATE CC. 1065598466 NIT: 901697530-1 CC. 1065598466

Sheet 4.3
B2: FORMULARIO
B3: PRESUPUESTO OFICIAL
K8: VERSIÓN | L8: 1
C10: ANALISIS DE PRECIOS UNITARIOS | K10: PÁGINA | L10: 1 | M10: DE | N10: 19
K13: FECHA | L13: DD | M13: MM | N13: AA
L14: 28 | M14: 10 | N14: 2024
B19: DATOS ESPECÍFICOS
B21: ÍTEM | C21: DESCRIPCIÓN | L21: UNIDAD | N21: CANTIDAD
B22: 4.3 | C22: =+'PRESUPUESTO '!B25 -> CIMENTACIÓN Y ATRAQUE DE TUBERÍA | L22: ='[1]Table 1'!D21 -> UN | N22: 1
B23: I. EQUIPO
B26: DESCRIPCIÓN | G26: MARCA | I26: TIPO | K26: TARIFA/HORA | L26: RENDIMIENTO | N26: Vr. UNITARIO
B27: HERRAMIENTA MENOR | G27: UNIVERSAL | I27: PINZAS | K27: 20000 | L27: 0.8 | N27: =K27*L27 -> 16000
B30: SUBTOTAL $ | N30: =SUM(N27:N29) -> 16000
B31: II. MATERIALES
B34: DESCRIPCIÓN | J34: UNIDAD | K34: CANTIDAD | L34: PRECIO UNIT. | N34: Vr. UNITARIO
B35: =+C22 -> CIMENTACIÓN Y ATRAQUE DE TUBERÍA | J35: ML | K35: 0.5 | L35: 89500 | N35: =L35*K35 -> 44750
B36: SUBTOTAL $ | N36: =SUM(N35:N35) -> 44750
B37: III. TRANSPORTES
B40: MATERIAL | I40: VOL. o PESO | J40: DISTANCIA | K40: M3 o Ton/Km | L40: TARIFA | N40: Vr. UNITARIO
B41: TRANSPORTE
B43: SUBTOTAL $ | N43: =SUM(N41:N42) -> 0
B44: IV. MANO DE OBRA
B47: TRABAJADOR | I47: JORNAL | J47: PRESTACIONES | K47: JORNAL TOTAL | L47: RENDIMIENTO | N47: Vr. UNITARIO
B48: CUADRILLA | I48: DIA | K48: 160000 | L48: 0.1359375 | N48: =+L48*K48 -> 21750
B52: SUBTOTAL $ | N52: =SUM(N48:N51) -> 21750
B54: TOTAL COSTO DIRECTO $ | N54: =+N52+N36+N30 -> 82500
E57: WORD SOLUTION SAS JOSE JORGE HERNANDEZ ALANDATE CC. 1065598466 NIT: 901697530-1 CC. 1065598466

Sheet 4.4
B2: FORMULARIO
B3: PRESUPUESTO OFICIAL
K8: VERSIÓN | L8: 1
C10: ANALISIS DE PRECIOS UNITARIOS | K10: PÁGINA | L10: 1 | M10: DE | N10: 19
K13: FECHA | L13: DD | M13: MM | N13: AA
L14: 28 | M14: 10 | N14: 2024
B19: DATOS ESPECÍFICOS
B21: ÍTEM | C21: DESCRIPCIÓN | L21: UNIDAD | N21: CANTIDAD
B22: 4.4 | C22: =+'PRESUPUESTO '!B26 -> CONEXIÓN A RED DE ALCANTARILLADO EXISTENTE | L22: ='[1]Table 1'!D22 -> UN | N22: 1
B23: I. EQUIPO
B26: DESCRIPCIÓN | G26: MARCA | I26: TIPO | K26: TARIFA/HORA | L26: RENDIMIENTO | N26: Vr. UNITARIO
B27: HERRAMIENTA MENOR | G27: UNIVERSAL | K27: 50000 | L27: 0.6 | N27: =K27*L27 -> 30000
B30: SUBTOTAL $ | N30: =SUM(N27:N29) -> 30000
B31: II. MATERIALES
B34: DESCRIPCIÓN | J34: UNIDAD | K34: CANTIDAD | L34: PRECIO UNIT. | N34: Vr. UNITARIO
B35: =+C22 -> CONEXIÓN A RED DE ALCANTARILLADO EXISTENTE | J35: UND | K35: 0.35 | L35: 165900 | N35: =L35*K35 -> 58065
B36: SUBTOTAL $ | N36: =SUM(N35:N35) -> 58065
B37: III. TRANSPORTES
B40: MATERIAL | I40: VOL. o PESO | J40: DISTANCIA | K40: M3 o Ton/Km | L40: TARIFA | N40: Vr. UNITARIO
B41: TRANSPORTE | K41: 0.08
B43: SUBTOTAL $ | N43: =SUM(N41:N42) -> 0
B44: IV. MANO DE OBRA
B47: TRABAJADOR | I47: JORNAL | J47: PRESTACIONES | K47: JORNAL TOTAL | L47: RENDIMIENTO | N47: Vr. UNITARIO
B48: OPERARIO 1 | I48: DIA | K48: 160000 | L48: 0.3519375 | N48: =+L48*K48 -> 56310
B52: SUBTOTAL $ | N52: =SUM(N48:N51) -> 56310
B54: TOTAL COSTO DIRECTO $ | N54: =+N52+N43+N36+N30 -> 144375
F57: WORD SOLUTION SAS JOSE JORGE HERNANDEZ ALANDATE CC. 1065598466 NIT: 901697530-1 CC. 1065598466

Sheet 5.1
B2: FORMULARIO
B3: PRESUPUESTO OFICIAL
K8: VERSIÓN | L8: 1
C10: ANALISIS DE PRECIOS UNITARIOS | K10: PÁGINA | L10: 1 | M10: DE | N10: 19
K13: FECHA | L13: DD | M13: MM | N13: AA
L14: 28 | M14: 10 | N14: 2024
B19: DATOS ESPECÍFICOS
B21: ÍTEM | C21: DESCRIPCIÓN | L21: UNIDAD | N21: CANTIDAD
B22: 5.1 | C22: =+'PRESUPUESTO '!B29 -> RETIRO DE SOBRANTES FUERA DE LA UNIDAD | L22: ='[1]Table 1'!D23 -> UN | N22: 1
B23: I. EQUIPO
B26: DESCRIPCIÓN | G26: MARCA | I26: TIPO | K26: TARIFA/HORA | L26: RENDIMIENTO | N26: Vr. UNITARIO
B27: HERRAMIENTA MENOR | G27: UNIVERSAL | K27: 50000 | L27: 0.1 | N27: =K27*L27 -> 5000
B28: VOLQUETA | K28: 21000 | L28: 0.21 | N28: =K28*L28 -> 4410
B30: SUBTOTAL $ | N30: =SUM(N27:N29) -> 9410
B31: II. MATERIALES
B34: DESCRIPCIÓN | J34: UNIDAD | K34: CANTIDAD | L34: PRECIO UNIT. | N34: Vr. UNITARIO
B35: =+C22 -> RETIRO DE SOBRANTES FUERA DE LA UNIDAD | J35: M3 | K35: 0.5 | L35: 19800 | N35: =L35*K35 -> 9900
N36: =L36*K36 -> 0
B37: SUBTOTAL $ | N37: =SUM(N35:N36) -> 9900
B38: III. TRANSPORTES
B41: MATERIAL | I41: VOL. o PESO | J41: DISTANCIA | K41: M3 o Ton/Km | L41: TARIFA | N41: Vr. UNITARIO
B44: SUBTOTAL $ | N44: =SUM(N42:N43) -> 0
B45: IV. MANO DE OBRA
B48: TRABAJADOR | I48: JORNAL | J48: PRESTACIONES | K48: JORNAL TOTAL | L48: RENDIMIENTO | N48: Vr. UNITARIO
B49: OPERARIO 1 | I49: DIA | K49: 50000 | L49: 0.3893 | N49: =+L49*K49 -> 19465
B53: SUBTOTAL $ | N53: =SUM(N49:N52) -> 19465
B55: TOTAL COSTO DIRECTO $ | N55: =+N53+N37+N30 -> 38775
E58: WORD SOLUTION SAS JOSE JORGE HERNANDEZ ALANDATE CC. 1065598466 NIT: 901697530-1 CC. 1065598466
